General information
- name: BNet
- type: Ladder team game (AT/RT)
- host: Battle.net
- saver: Caffeine
map: Deadlands
- players: 8
- length: 32:09
- speed: Fast
- version: 1.26 W3XP
- replay type: Public
» download(238 KB)
Players
team 1 (loser)
grom_hellzcream (
pink | 45 APM | 1444 actions | 32:07)
7 Dreadlord
3 Sleep
2 Vampiric Aura
1 Carrion Swarm
1 Inferno
» actions
| Basic commands | 19 | |
| Build / train | 67 | |
| Enter build submenu | 14 | |
| Enter hero's abilities submenu | 8 | |
| Give item / drop item | 1 | |
| Right click | 894 | |
| Select / deselect | 323 | |
| Use ability | 118 | |
1444 total
» units
| Acolyte | 7 | |
| Ghoul | 11 | |
| Abomination | 16 | |
34 total
» upgrades
| Cannibalize | 1 | |
| Unholy Strength | 3 | |
| Unholy Armor | 2 | |
| Disease Cloud | 1 | |
7 total
» buildings
| Crypt | 1 | |
| Ziggurat | 6 | |
| Altar of Darkness | 1 | |
| Nerubian Tower | 1 | |
| Tomb of Relics | 1 | |
| Halls of the Dead | 1 | |
| Graveyard | 1 | |
| Black Citadel | 1 | |
| Slaughterhouse | 2 | |
| Spirit Tower | 4 | |
| Necropolis | 1 | |
20 total
» build order
00:11 Crypt
00:21 Ziggurat
00:35 Altar of Darkness
00:56 Ziggurat
01:13 Nerubian Tower
01:28 Tomb of Relics
02:29 Ziggurat
04:20 Halls of the Dead
05:27 Graveyard
06:30 Ziggurat
07:09 Black Citadel
07:13 Slaughterhouse
07:48 Slaughterhouse
08:13 Spirit Tower
09:40 Ziggurat
12:25 Spirit Tower
12:37 Spirit Tower
16:50 Ziggurat
22:03 Spirit Tower
26:26 Necropolis
» items
| Rod of Necromancy | 1 | |
| Scroll of Town Portal | 3 | |
| Potion of Mana | 1 | |
| Potion of Healing | 5 | |
| Orb of Corruption | 1 | |
11 total
Jarlaxlerod (
blue | 30 APM | 925 actions | 30:34)
6 Far Seer
3 Chain Lighting
2 Feral Spirit
1 Earth Quake
» actions
| Assign group hotkey | 16 | |
| Basic commands | 74 | |
| Build / train | 74 | |
| Enter build submenu | 22 | |
| Enter hero's abilities submenu | 6 | |
| Give item / drop item | 3 | |
| Remove unit from queue | 3 | |
| Right click | 181 | |
| Select / deselect | 264 | |
| Select group hotkey | 195 | |
| Use ability | 87 | |
925 total
» units
| Peon | 7 | |
| Grunt | 6 | |
| Goblin Shredder | 1 | |
| Tauren | 8 | |
| Troll Witch Doctor | 9 | |
| Shaman | 2 | |
33 total
» upgrades
| Armor | 3 | |
| Berserker Strength | 1 | |
| Melee Weapons | 3 | |
| Witch Doctor Training | 2 | |
| Reinforced Defenses | 1 | |
| Shaman Training | 2 | |
| Pulverize | 1 | |
13 total
» buildings
| Orc Burrow | 4 | |
| Altar of Storms | 1 | |
| Barracks | 1 | |
| Voodoo Lounge | 1 | |
| Stronghold | 1 | |
| War Mill | 1 | |
| Fortress | 1 | |
| Spirit Lodge | 1 | |
| Tauren Totem | 1 | |
| Watch Tower | 8 | |
| Great Hall | 2 | |
22 total
» build order
00:08 Orc Burrow
00:24 Altar of Storms
01:11 Barracks
01:23 Orc Burrow
02:21 Voodoo Lounge
02:29 Orc Burrow
03:46 Stronghold
04:35 War Mill
06:09 Fortress
07:01 Orc Burrow
08:21 Spirit Lodge
09:00 Tauren Totem
09:16 Watch Tower
09:19 Watch Tower
09:22 Watch Tower
09:25 Watch Tower
09:41 Watch Tower
11:02 Great Hall
11:25 Watch Tower
11:27 Watch Tower
11:32 Watch Tower
22:45 Great Hall
» items
| Lesser Clarity Potion | 3 | |
| Healing Salve | 5 | |
| Orb of Lightning | 1 | |
| Scroll of Town Portal | 4 | |
| Potion of Healing | 2 | |
| Scroll of Regeneration | 1 | |
16 total

»
ETREUS (
yellow | 78 APM | 2358 actions | 30:02)
6 Death Knight
2 Death Coil
3 Unholy Aura
1 Animate Dead
» actions
| Assign group hotkey | 37 | |
| Basic commands | 9 | |
| Build / train | 85 | |
| Enter build submenu | 21 | |
| Enter hero's abilities submenu | 7 | |
| Remove unit from queue | 3 | |
| Right click | 998 | |
| Select / deselect | 302 | |
| Select group hotkey | 805 | |
| Use ability | 91 | |
2358 total
» units
| Acolyte | 14 | |
| Ghoul | 6 | |
| Crypt Fiend | 15 | |
| Necromancer | 11 | |
| Frost Wyrm | 9 | |
55 total
» upgrades
| Creature Attack | 3 | |
| Creature Carapace | 3 | |
| Web | 1 | |
| Necromancer Training | 2 | |
| Skeletal Longevity | 1 | |
| Skeletal Mastery | 1 | |
| Freezing Breath | 1 | |
12 total
» buildings
| Altar of Darkness | 1 | |
| Ziggurat | 11 | |
| Crypt | 1 | |
| Graveyard | 1 | |
| Nerubian Tower | 1 | |
| Tomb of Relics | 1 | |
| Halls of the Dead | 1 | |
| Necropolis | 1 | |
| Sacrificial Pit | 1 | |
| Temple of the Damned | 1 | |
| Black Citadel | 1 | |
| Spirit Tower | 1 | |
| Boneyard | 2 | |
24 total
» build order
00:48 Altar of Darkness
00:56 Ziggurat
01:25 Crypt
01:40 Graveyard
02:02 Ziggurat
02:20 Nerubian Tower
03:08 Tomb of Relics
03:21 Ziggurat
05:48 Halls of the Dead
07:19 Necropolis
08:35 Ziggurat
08:45 Sacrificial Pit
09:11 Temple of the Damned
11:02 Black Citadel
11:25 Spirit Tower
11:28 Ziggurat
11:30 Ziggurat
11:53 Ziggurat
11:55 Ziggurat
13:56 Boneyard
13:59 Boneyard
17:27 Ziggurat
17:32 Ziggurat
17:37 Ziggurat
» items
dutch. (
orange | 87 APM | 2699 actions | 30:56)
6 Archmage
3 Summon Water Elemental
2 Brilliance Aura
1 Mass Teleport
5 Mountain King
3 Storm Bolt
2 Bash
» actions
| Assign group hotkey | 7 | |
| Build / train | 111 | |
| Enter build submenu | 33 | |
| Enter hero's abilities submenu | 11 | |
| Give item / drop item | 3 | |
| Remove unit from queue | 6 | |
| Right click | 1846 | |
| Select / deselect | 538 | |
| Select group hotkey | 6 | |
| Use ability | 138 | |
2699 total
» units
| Peasant | 29 | |
| Footman | 1 | |
| Rifleman | 7 | |
| Dragonhawk Rider | 1 | |
| Mortar Team | 2 | |
| Gryphon Rider | 4 | |
| Siege Engine | 5 | |
49 total
» upgrades
| Gunpowder | 3 | |
| Armor | 3 | |
| Long Rifles | 1 | |
| Lumber Harvesting | 1 | |
| Swords | 1 | |
| Barrage | 1 | |
| Masonry | 1 | |
11 total
» buildings
| Lumber Mill | 1 | |
| Altar of Kings | 1 | |
| Farm | 7 | |
| Barracks | 1 | |
| Blacksmith | 1 | |
| Arcane Vault | 1 | |
| Keep | 1 | |
| Town Hall | 2 | |
| Workshop | 2 | |
| Gryphon Aviary | 3 | |
| Scout Tower | 12 | |
| Castle | 1 | |
| Guard Tower | 6 | |
| Arcane Tower | 6 | |
45 total
» build order
00:27 Lumber Mill
00:36 Altar of Kings
00:55 Farm
01:12 Barracks
01:24 Farm
02:01 Blacksmith
02:04 Farm
02:17 Arcane Vault
03:28 Keep
04:23 Farm
04:29 Farm
04:29 Farm
05:46 Town Hall
07:18 Workshop
07:22 Gryphon Aviary
07:26 Gryphon Aviary
09:08 Scout Tower
09:08 Scout Tower
09:09 Scout Tower
09:26 Castle
09:28 Gryphon Aviary
11:18 Guard Tower
14:20 Farm
15:04 Scout Tower
15:05 Scout Tower
15:05 Scout Tower
15:07 Scout Tower
15:08 Scout Tower
15:09 Scout Tower
15:13 Scout Tower
15:18 Town Hall
15:26 Arcane Tower
15:26 Arcane Tower
15:26 Arcane Tower
15:31 Guard Tower
15:32 Guard Tower
15:46 Guard Tower
16:11 Workshop
17:22 Scout Tower
17:23 Scout Tower
18:07 Guard Tower
18:20 Guard Tower
18:23 Arcane Tower
» items
| Scroll of Town Portal | 2 | |
| Scroll of Regeneration | 1 | |
| Potion of Healing | 1 | |
| Healing Salve | 1 | |
5 total
team 2 (winner)

»
Buckeyes (
green | 52 APM | 1656 actions | 32:07)
6 Death Knight
3 Death Coil
3 Unholy Aura
6 Crypt Lord
3 Carrion Beetles
2 Spiked Carapace
1 Locust Swarm
2 Dreadlord
1 Vampiric Aura
1 Sleep
1 Priestess of the Moon
1 Searing Arrows
» actions
| Assign group hotkey | 47 | |
| Basic commands | 50 | |
| Build / train | 108 | |
| Enter build submenu | 27 | |
| Enter hero's abilities submenu | 15 | |
| Give item / drop item | 2 | |
| Remove unit from queue | 9 | |
| Right click | 624 | |
| Select / deselect | 388 | |
| Select group hotkey | 238 | |
| Use ability | 148 | |
1656 total
» units
| Acolyte | 14 | |
| Ghoul | 19 | |
| Crypt Fiend | 12 | |
| Frost Wyrm | 2 | |
47 total
» upgrades
| Creature Attack | 3 | |
| Creature Carapace | 4 | |
| Web | 1 | |
| Ghoul Frenzy | 1 | |
| Freezing Breath | 1 | |
10 total
» buildings
| Crypt | 2 | |
| Altar of Darkness | 1 | |
| Ziggurat | 12 | |
| Graveyard | 1 | |
| Tomb of Relics | 1 | |
| Halls of the Dead | 2 | |
| Black Citadel | 3 | |
| Sacrificial Pit | 1 | |
| Spirit Tower | 2 | |
| Boneyard | 2 | |
| Necropolis | 1 | |
28 total
» build order
00:31 Crypt
00:32 Altar of Darkness
00:40 Ziggurat
01:12 Graveyard
01:21 Ziggurat
01:47 Tomb of Relics
02:14 Ziggurat
03:32 Crypt
06:39 Halls of the Dead
06:53 Ziggurat
09:00 Black Citadel
09:00 Black Citadel
09:31 Sacrificial Pit
10:03 Ziggurat
10:07 Ziggurat
11:24 Ziggurat
11:42 Spirit Tower
13:20 Boneyard
13:27 Boneyard
17:28 Ziggurat
17:30 Ziggurat
23:44 Spirit Tower
25:53 Ziggurat
25:56 Ziggurat
25:58 Ziggurat
29:17 Necropolis
» items
| Scroll of Town Portal | 3 | |
| Orb of Corruption | 2 | |
| Scroll of Healing | 1 | |
6 total
LaLiKiLLeR (
purple | 60 APM | 1912 actions | 32:07)
7 Shadow Hunter
3 Hex
3 Healing Wave
1 Big Bad Voodoo
6 Far Seer
3 Feral Spirit
2 Chain Lighting
1 Earth Quake
» actions
| Assign group hotkey | 24 | |
| Basic commands | 1 | |
| Build / train | 110 | |
| ESC pressed | 2 | |
| Enter build submenu | 29 | |
| Enter hero's abilities submenu | 13 | |
| Give item / drop item | 1 | |
| Right click | 827 | |
| Select / deselect | 418 | |
| Select group hotkey | 365 | |
| Use ability | 122 | |
1912 total
» units
| Peon | 19 | |
| Troll Headhunter/Berserker | 15 | |
| Wind Rider | 3 | |
| Tauren | 9 | |
| Hippogryph | 8 | |
| Troll Witch Doctor | 7 | |
61 total
» upgrades
| Troll Regeneration | 1 | |
| Armor | 3 | |
| Ranged Weapons | 2 | |
| Berserker Upgrade | 1 | |
| Pulverize | 1 | |
| Melee Weapons | 3 | |
| Witch Doctor Training | 2 | |
| Reinforced Defenses | 1 | |
14 total
» buildings
| Orc Burrow | 10 | |
| Altar of Storms | 1 | |
| War Mill | 2 | |
| Barracks | 1 | |
| Stronghold | 1 | |
| Voodoo Lounge | 1 | |
| Beastiary | 1 | |
| Watch Tower | 6 | |
| Fortress | 1 | |
| Great Hall | 2 | |
| Tauren Totem | 2 | |
| Spirit Lodge | 1 | |
29 total
» build order
00:20 Orc Burrow
00:33 Altar of Storms
01:07 War Mill
01:19 Orc Burrow
01:27 War Mill
01:40 Barracks
02:36 Stronghold
03:16 Voodoo Lounge
04:32 Orc Burrow
04:44 Orc Burrow
05:02 Beastiary
05:08 Watch Tower
06:45 Watch Tower
07:55 Orc Burrow
08:38 Fortress
09:49 Watch Tower
11:36 Great Hall
13:26 Tauren Totem
13:27 Tauren Totem
14:11 Orc Burrow
14:27 Orc Burrow
17:29 Orc Burrow
21:11 Spirit Lodge
23:54 Orc Burrow
23:55 Orc Burrow
28:17 Great Hall
28:19 Watch Tower
28:44 Watch Tower
30:47 Watch Tower
» items
| Healing Salve | 5 | |
| Scroll of Speed | 7 | |
| Scroll of Town Portal | 2 | |
| Lesser Clarity Potion | 1 | |
| Potion of Healing | 2 | |
17 total
Caffeine (
teal | 93 APM | 2998 actions | 32:09)
10 Blademaster
3 Wind Walk
3 Critical Strike
1 Bladestorm
3 Mirror Image
» actions
| Assign group hotkey | 217 | |
| Basic commands | 27 | |
| Build / train | 93 | |
| Enter build submenu | 62 | |
| Enter hero's abilities submenu | 10 | |
| Give item / drop item | 14 | |
| Remove unit from queue | 1 | |
| Right click | 1500 | |
| Select / deselect | 343 | |
| Select group hotkey | 323 | |
| Use ability | 408 | |
2998 total
» units
| Peon | 15 | |
| Grunt | 3 | |
| Goblin Shredder | 5 | |
| Troll Batrider | 7 | |
30 total
» upgrades
| Ranged Weapons | 3 | |
| Armor | 3 | |
| Reinforced Defenses | 1 | |
| Envenomed Spears | 1 | |
| Ensnare | 1 | |
| Pillage | 1 | |
| Liquid Fire | 1 | |
| Troll Regeneration | 1 | |
12 total
» buildings
| Orc Burrow | 6 | |
| Altar of Storms | 2 | |
| Barracks | 1 | |
| Voodoo Lounge | 2 | |
| Stronghold | 1 | |
| War Mill | 1 | |
| Great Hall | 5 | |
| Watch Tower | 42 | |
| Beastiary | 9 | |
| Fortress | 1 | |
70 total
» build order
00:11 Orc Burrow
00:55 Altar of Storms
00:59 Altar of Storms
01:00 Barracks
01:29 Orc Burrow
02:09 Voodoo Lounge
02:54 Stronghold
03:37 War Mill
03:44 Orc Burrow
04:49 Great Hall
04:54 Watch Tower
04:55 Watch Tower
05:44 Beastiary
07:02 Orc Burrow
09:07 Beastiary
09:08 Beastiary
09:20 Watch Tower
09:21 Watch Tower
09:21 Watch Tower
09:25 Watch Tower
09:25 Watch Tower
09:44 Fortress
15:09 Watch Tower
15:09 Watch Tower
15:10 Watch Tower
15:10 Watch Tower
15:10 Watch Tower
15:11 Watch Tower
15:11 Watch Tower
15:12 Watch Tower
16:47 Orc Burrow
16:48 Orc Burrow
20:49 Great Hall
20:51 Watch Tower
20:51 Watch Tower
20:52 Watch Tower
20:52 Watch Tower
20:53 Watch Tower
20:53 Watch Tower
20:55 Watch Tower
20:55 Watch Tower
20:57 Watch Tower
26:58 Great Hall
27:13 Great Hall
27:16 Watch Tower
27:16 Watch Tower
27:16 Watch Tower
27:17 Watch Tower
27:17 Watch Tower
27:18 Watch Tower
27:18 Watch Tower
27:18 Watch Tower
28:42 Great Hall
28:45 Watch Tower
28:45 Watch Tower
28:45 Watch Tower
28:45 Watch Tower
28:46 Watch Tower
28:46 Watch Tower
28:47 Watch Tower
28:47 Watch Tower
29:27 Watch Tower
29:28 Watch Tower
31:14 Voodoo Lounge
31:46 Beastiary
31:50 Beastiary
31:52 Beastiary
31:55 Beastiary
31:56 Beastiary
31:58 Beastiary
» items
| Healing Salve | 7 | |
| Lesser Clarity Potion | 5 | |
| Potion of Mana | 5 | |
| Potion of Healing | 4 | |
| Orb of Lightning | 1 | |
| Orb of Corruption | 1 | |
| Periapt of Vitality | 1 | |
| Staff of Teleportation | 2 | |
| Potion of Lesser Invulnerability | 1 | |
| Scroll of Town Portal | 4 | |
31 total

»
uM.Raven (
red | 49 APM | 1161 actions | 23:36)
7 Priestess of the Moon
3 Trueshot Aura
3 Scout
1 Starfall
» actions
| Assign group hotkey | 52 | |
| Basic commands | 76 | |
| Build / train | 77 | |
| ESC pressed | 2 | |
| Enter build submenu | 12 | |
| Enter hero's abilities submenu | 7 | |
| Give item / drop item | 4 | |
| Right click | 313 | |
| Select / deselect | 290 | |
| Select group hotkey | 267 | |
| Use ability | 59 | |
1161 total
» units
| Wisp | 11 | |
| Archer | 25 | |
| Hippogryph | 12 | |
48 total
» upgrades
| Strength of the Moon | 3 | |
| Moon Armor | 3 | |
| Improved Bows | 1 | |
| Hippogryph Taming | 1 | |
| Marksmanship | 1 | |
| Well Spring | 1 | |
10 total
» buildings
| Altar of Elders | 1 | |
| Moon Well | 6 | |
| Ancient of War | 1 | |
| Tree of Ages | 1 | |
| Hunter's Hall | 1 | |
| Ancient of Wind | 2 | |
| Tree of Eternity | 1 | |
13 total
» build order
00:06 Altar of Elders
00:13 Moon Well
00:55 Ancient of War
01:20 Moon Well
03:03 Moon Well
03:44 Tree of Ages
04:18 Hunter's Hall
04:54 Moon Well
06:07 Ancient of Wind
06:36 Tree of Eternity
06:45 Ancient of Wind
10:08 Moon Well
15:27 Moon Well
» items
| Rod of Necromancy | 2 | |
| Healing Salve | 1 | |
| Scroll of Town Portal | 2 | |
| Orb of Lightning | 1 | |
6 total
Chat log
(00:07 / All) Caffeine: I am in the presence of legends
(00:23 / All) Caffeine: It shall be an honor and my pleasure to war against thee, Grom
(00:38 / All) ETREUS: hmmm
(00:43 / Allies) uM.Raven: POTM hypps
(00:43 / All) ETREUS: i think your stupid and gay
(00:51 / All) dutch.: w
(00:52 / All) Caffeine: What do you think about them?
(01:05 / All) dutch.: i think you'll be sucking his cock by the end of the game
(01:06 / All) ETREUS: dont care
(01:24 / All) Caffeine: Nay sir, I shall jam it down your throat though
(01:46 / All) ETREUS: teal
(01:52 / All) ETREUS: what units you getting?
(02:00 / All) Jarlaxlerod: nay? isnt that Deer language? or is it Queer?
(02:05 / All) Caffeine: It's a suprise
(02:34 / All) ETREUS: im getting dryads
(02:41 / All) Caffeine: I'm growing tulips this year
(02:46 / All) Caffeine: I shall use your remains for my garden
(02:51 / All) Caffeine: YOUR ROTTING CORPSE!!!!
(02:58 / All) ETREUS: your super gay
(03:07 / All) Caffeine: say it to my face, punk
(03:14 / All) ETREUS: your gay
(05:31 / Allies) Caffeine: I'm never on the side wiuth the shredar
(05:34 / Allies) Caffeine: fucking hate this map
(05:49 / Allies) Caffeine: lumber
(07:06 / Allies) Caffeine: lumbers
(07:43 / All) dutch.: green did i just kill your hero
(08:25 / Allies) Caffeine: prob mirror
(08:40 / All) Caffeine: TIS AN HONOR GROM!
(08:58 / All) Caffeine: We will meetagain
(09:05 / All) ETREUS: ok gay
(11:01 / All) dutch.: fag
(11:11 / All) Caffeine: LIKE A HOT KNIFE THROUGH BUTTER I CLEAVE THROUGH YOUR RAGGED ARMIES
(11:42 / Allies) Caffeine: I got you green
(11:44 / Allies) Caffeine: use your ghouls
(12:38 / All) Caffeine: many enemies bring much honor!
(13:46 / All) Caffeine: A worthy foe, Jarl
(14:10 / Allies) uM.Raven: teal
(14:12 / Allies) uM.Raven: back
(14:13 / Allies) uM.Raven: take
(14:22 / Allies) Caffeine: Thank thee
(14:59 / Allies) uM.Raven: meet
(15:23 / Allies) uM.Raven: massing gold teal?
(15:30 / Allies) Caffeine: getting units soon
(16:32 / All) dutch.: lo..
(17:13 / Allies) LaLiKiLLeR: plz teal can u use ur old
(17:14 / Allies) LaLiKiLLeR: gold
(17:16 / Allies) Caffeine: I am
(17:51 / Allies) LaLiKiLLeR: noway
(17:54 / Allies) LaLiKiLLeR: we need teal
(17:55 / Allies) LaLiKiLLeR: so bad
(17:59 / Allies) Caffeine: flee you fool
(18:24 / Allies) Buckeyes: BACK
(18:37 / Allies) uM.Raven: teal
(18:38 / Allies) uM.Raven: gold me
(19:08 / Allies) LaLiKiLLeR: IN MY ASSS
(20:08 / All) Caffeine: THE STARS SING WITH GLEE AT THE SIGHT OF OUR FEROCIOUS STRUGGLE!
(21:41 / Allies) uM.Raven: teal
(21:43 / Allies) uM.Raven: tauren or loose
(22:11 / Allies) Caffeine: PURPLE HAS TAUREN i DO SOEE11111
(22:23 / Allies) LaLiKiLLeR: GO TAUREN
(22:24 / Allies) uM.Raven: w/e
(22:26 / Allies) Caffeine: Are you gentlemen going to tp to my village?
(22:29 / Allies) uM.Raven: they have tauren + abons + tanks
(22:59 / Allies) uM.Raven: gg
(23:06 / All) uM.Raven: GG teal has only a hero, expo and 3k gold
(23:13 / Allies) Caffeine: TP?
(23:19 / Allies) LaLiKiLLeR: fuck you teal
(23:25 / All) Caffeine: Such fools
(23:32 / All) Caffeine: You base trade you don't get my resources
(23:43 / All) Caffeine: See those 5k gold and 4k lumbeR? they will rot with me!
(24:16 / Allies) Caffeine: you two are punks
(24:20 / Allies) Caffeine: I got units and fed resources
(25:46 / All) Caffeine: the bards will sing of this battle for a long time to come!
(26:03 / All) Jarlaxlerod: bards are fags
(28:27 / All) Caffeine: TIME TO DIE SANDMAN
(29:29 / Allies) Buckeyes: ESTANLISH GOLD MINES
(29:59 / All) dutch.: big noob
(30:16 / All) Caffeine: who?
(30:34 / All) Caffeine: I am a veteran of many struggles!
(30:51 / All) dutch.: LOL
(30:54 / All) dutch.: DIE WHORE
(30:58 / All) Caffeine: You sacrificed all for that!
(31:15 / Allies) LaLiKiLLeR: gj green
(31:28 / Allies) LaLiKiLLeR: fucking good job